 Dungeon Crawl Stone Soup version 0.31-a0-188-g5e087ee2ca (webtiles) character file.

Game seed: 13670966981759170499

46960 qw the Markself (level 14, -8/90 HPs)
             Began as a Deep Elf Hunter on June 23, 2023.
             Was a Priest of Okawaru.
             Killed from afar by an electric eel (11 damage)
             ... with a bolt of electricity
             ... on level 12 of the Dungeon.
             The game lasted 00:09:53 (16502 turns).

qw the Markself (Deep Elf Hunter)                  Turns: 16502, Time: 00:09:54

Health: -8/90      AC: 18    Str: 18    XL:     14   Next: 6%
Magic:  22/22      EV: 23    Int: 16    God:    Okawaru [***...]
Gold:   2134       SH:  0    Dex: 18    Spells: 13/13 levels left

rFire   . . .        Y - +1 orcbow (drain)
rCold   . . .        (shield currently unavailable)
rNeg    . . .        v - +0 swamp dragon scales
rPois   +            l - +1 helmet
rElec   .            q - +0 cloak
rCorr   .            d - +0 pair of gloves "Doupaday" {Rampage SInv}
SInv    +            j - +0 pair of boots
Will    +....        b - amulet of regeneration
Stlth   ++           p - +6 ring of strength
HPRegen 1.15/turn    (no ring)
MPRegen 0.18/turn

%: clarity, rampage
@: about to teleport, heroic, very slow
A: clarity, sense surroundings 1
a: Renounce Religion, Heroism


You were on level 12 of the Dungeon.
You worshipped Okawaru.
Okawaru was most pleased with you.
You visited 2 branches of the dungeon, and saw 17 of its levels.

You collected 2160 gold pieces.
You spent 26 gold pieces at shops.


Innate Abilities, Weirdness & Mutations

You possess an exceptional clarity of mind.
You passively map a small area around you.


   Skills:
 - Level 11.0(16.0) Fighting
 - Level 16.1(21.1) Ranged Weapons
 + Level 8.6(13.6) Armour
 - Level 15.0(20.0) Dodging
 - Level 1.2(6.2) Stealth
 - Level 8.5 Invocations


You had 13 spell levels left.
You didn't know any spells.
Your spell library was empty.

Inventory:

Hand Weapons
 Y - a +1 orcbow of draining (weapon)
Armour
 d - the +0 pair of gloves "Doupaday" (worn) {Rampage SInv}
   (You found it on level 9 of the Dungeon)

   SInv:      It lets you see invisible.
   Rampage:   It bestows one free step when moving towards enemies.
 f - a +1 pair of gloves
 j - a +0 pair of boots (worn)
 l - a +1 helmet (worn)
 q - a +0 cloak (worn)
 v - +0 swamp dragon scales (worn)
Jewellery
 b - an amulet of regeneration (around neck)
 p - a +6 ring of strength (left hand)
 t - a ring of ice
Scrolls
 h - 5 scrolls of identify
Potions
 c - a potion of resistance
 e - 8 potions of curing
 g - 4 potions of mutation
 i - 3 potions of haste
 n - 2 potions of enlightenment
 o - 2 potions of might

Dungeon Overview and Level Annotations

Branches:
Dungeon (12/15)            Temple (0/1) D:5            Lair (5/5) D:10
  Swamp (0/4) Lair:2        Snake (0/4) Lair:2        Slime (0/5) Lair:5
    Orc: D:9-12

Altars:
Dithmenos
Elyvilon
Gozag
Hepliaklqana
Kikubaaqudgha
Nemelex Xobeh
Okawaru
Qazlal
Vehumet
Wu Jian
Xom
Yredelemnul
Zin
Jiyva

Shops:
D:6 *

Annotations:
D:5 1 runed translucent door, qw's ghost, novice GrFi
D:7 exclusion: 2 wights


Message History

The skeletal warrior misses you.
The skeletal warrior hits you from afar with a +0 trident!!
16496 ||| READING 2 scrolls of teleportation.
As you read the scroll of teleportation, it crumbles to dust.
You feel strangely unstable.
The skeletal warrior hits you but does no damage.
The skeletal warrior hits you from afar with a +0 trident.
You shoot an arrow. The arrow hits the skeletal warrior.
The skeletal warrior is moderately damaged.
The skeletal warrior completely misses you.
The skeletal warrior hits you from afar with a +0 trident.
You shoot an arrow.
The arrow hits the skeletal warrior but does no damage.
The skeletal warrior is moderately damaged.
The skeletal warrior barely misses you.
The skeletal warrior hits you from afar with a +0 trident.
You shoot an arrow.
The arrow barely misses the skeletal warrior.
You shoot an arrow.
The arrow hits the skeletal warrior but does no damage.
The skeletal warrior is moderately damaged.
The skeletal warrior misses you. The skeletal warrior barely misses you.
You shoot an arrow.
The arrow completely misses the skeletal warrior.
Your surroundings suddenly seem different.
Splash!
You fall into the shallow water.
Moving in this stuff is going to be slow. 3 electric eels come into view.
The electric eel shoots out a bolt of lightning at you!
The bolt of electricity hits the electric eel.
The electric eel completely resists.
The bolt of electricity hits you!
Enter note:
16502 ||| READING scroll of teleportation.
As you read the scroll of teleportation, it crumbles to dust.
You feel strangely unstable.
The electric eel shoots out a bolt of lightning at you!
The bolt of electricity hits the electric eel.
The electric eel completely resists.
The bolt of electricity hits you!
You die...

* * ,,,, ,,,
, * . * ,
..7 ** ,
~PP~77*
P~~~~~777 ~
~PP~~~~P77 ~
~~S~~S~@~7
~~~~~~~~~~~7
~~~~~~~~P7
~~S~~~~~~7
,*
~~~~~~~P77 ~
~PP~~~~77
P~P~~~~
~~~P~~P7


You could see 3 electric eels.

Vanquished Creatures
  3 hydras (Lair:5)
  A catoblepas (Lair:5)
  2 two-headed ogres (D:11)
  A deep troll shaman (Lair:5)
  8 death yaks (Lair:5)
  A fire crab (Lair:5)
  2 skysharks (Lair:5)
  A skeletal warrior (D:12)
  An oklob plant (D:10)
  20 elephants
  2 black mambas
  Maggie (Lair:1)
  12 cane toads
  6 rime drakes
  5 komodo dragons
  A red devil (D:11)
  4 polar bears
  A troll (D:11)
  A hellwing (D:11)
  17 blink frogs
  4 dream sheep (Lair:3)
  Sigmund (D:3)
  A ynoxinul (D:11)
  2 shadows
  3 wyverns
  30 yaks
  2 wraiths
  A chaos spawn (D:11)
  Grum (D:11)
  2 basilisks
  A neqoxec (D:11)
  A steam dragon (Lair:3)
  4 vampire mosquitoes (D:11)
  Menkaure (D:4)
  3 acid dragons
  3 nagas (Lair:2)
  15 water moccasins
  2 sky beasts (D:8)
  3 black bears
  2 orc warriors
  2 ogres
  2 ice beasts
  32 wolves
  4 centaurs
  A phantom (D:4)
  4 kobold brigands
  6 bullfrogs
  A necrophage (D:7)
  A gnoll sergeant (D:9)
  3 scorpions
  11 wights
  A howler monkey (D:9)
  4 electric eels
  A bullfrog zombie (D:7)
  13 jellies (Lair:5)
  3 hounds
  A human zombie (D:7)
  2 gnoll boudas
  7 orc priests
  5 iguanas
  4 orc wizards
  7 hell rats (Lair:1)
  A killer bee zombie (D:7)
  A howler monkey zombie (D:7)
  21 gnolls
  8 adders
  3 shadow imps
  2 white imps (D:7)
  An ufetubus (D:7)
  A worm (D:3)
  A dart slug (D:3)
  28 orcs
  13 ball pythons
  12 endoplasms
  4 giant cockroaches
  8 goblins
  5 hobgoblins
  6 jackals (D:2)
  22 kobolds
  4 quokkas
  2 bats
  6 frilled lizards
  11 rats
447 creatures vanquished.

Notes
Turn   | Place    | Note
-------+----------+-------------------------------------------
     0 | D:1      | qw the Deep Elf Hunter began the quest for the Orb.
     0 | D:1      | Reached XP level 1. HP: 12/12 MP: 3/3
     0 | D:1      | 0 ||| qw: Version: 0.3-a-9-g12657ce
     0 | D:1      | 0 ||| qw: Game counter: 3825
     0 | D:1      | 0 ||| qw: Always use a shield: true
     0 | D:1      | 0 ||| qw: God list: Okawaru
     0 | D:1      | 0 ||| qw: Allow faded altars: false
     0 | D:1      | 0 ||| qw: Do Orc after D:15 true
     0 | D:1      | 0 ||| qw: Do second Lair branch before Depths: true
     0 | D:1      | 0 ||| qw: Lair rune preference: random
     0 | D:1      | 0 ||| qw: Plans: Normal
     0 | D:1      | 0 ||| PLANNING D:1-11
   117 | D:1      | Reached XP level 2. HP: 16/16 MP: 4/4
   144 | D:1      | Reached skill level 6 in Ranged Weapons
   716 | D:1      | 716 ||| UPGRADING to +0 scale mail.
   726 | D:1      | 726 ||| DROPPING +0 leather armour.
   727 | D:1      | 727 ||| UPGRADING to +0 pair of gloves.
   732 | D:1      | 732 ||| READING 2 scrolls labelled ARGHYSO RIVO.
   735 | D:1      | 735 ||| READING 2 scrolls labelled HEYXTI KIGUVIB.
   736 | D:1      | 736 ||| READING scroll labelled PADOTERHIK.
   737 | D:1      | 737 ||| DRINKING 3 glowing dark potions.
   738 | D:1      | 738 ||| DRINKING 3 bubbling emerald potions.
   739 | D:1      | 739 ||| DROPPING scroll of butterflies.
   740 | D:1      | 740 ||| DROPPING scroll of vulnerability.
   741 | D:1      | 741 ||| DROPPING 2 potions of invisibility.
   766 | D:2      | Reached XP level 3. HP: 20/20 MP: 5/5
   884 | D:2      | Reached skill level 7 in Ranged Weapons
   972 | D:2      | 972 ||| FLEEEEING.
   973 | D:2      | 973 ||| FLEEEEING.
   974 | D:2      | 974 ||| FLEEEEING.
   975 | D:2      | 975 ||| FLEEEEING.
  1115 | D:2      | Reached XP level 4. HP: 22/25 MP: 6/6
  1419 | D:2      | 1419 ||| FLEEEEING.
  1514 | D:2      | 1514 ||| UPGRADING to +0 ring mail.
  1524 | D:2      | 1524 ||| DROPPING +0 scale mail.
  1525 | D:2      | 1525 ||| DROPPING +0 leather armour of positive energy.
  1526 | D:2      | 1526 ||| UPGRADING to +0 pair of boots.
  1531 | D:2      | 1531 ||| UPGRADING to +0 helmet.
  1536 | D:2      | 1536 ||| READING scroll labelled WAHAIL WETI.
  1537 | D:2      | 1537 ||| READING scroll labelled IPAIMI DEUNI.
  1538 | D:2      | 1538 ||| READING 2 scrolls of identify.
  1538 | D:2      | 1538 ||| IDENTIFYING smoky grey potion
  1539 | D:2      | 1539 ||| DROPPING potion of attraction.
  1614 | D:3      | Found an iron altar of Okawaru.
  1615 | D:3      | 1615 ||| PLANNING OKAWARU WORSHIP
  1622 | D:3      | Became a worshipper of Warmaster Okawaru
  1623 | D:3      | 1623 ||| PLANNING D:1-11
  1795 | D:3      | Found a sparkling altar of Nemelex Xobeh.
  1812 | D:3      | Found a shadowy altar of Dithmenos.
  1817 | D:3      | 1817 ||| READING scroll labelled TUCODUBBUE.
  1818 | D:3      | 1818 ||| READING scroll labelled LEIFOGR QUIZ.
  1826 | D:3      | Reached skill level 8 in Ranged Weapons
  1837 | D:3      | Noticed Sigmund
  1844 | D:3      | Killed Sigmund
  1844 | D:3      | Reached * piety under Okawaru
  1845 | D:3      | Reached skill level 3 in Armour
  1845 | D:3      | Reached XP level 5. HP: 22/29 MP: 7/7
  1845 | D:3      | Reached XP level 6. HP: 26/34 MP: 8/8
  1960 | D:3      | Found a glowing silver altar of Zin.
  2097 | D:3      | Found a faded altar of an unknown god.
  2365 | D:3      | 2365 ||| INVOKING Heroism.
  2411 | D:3      | Found a stormy altar of Qazlal.
  2413 | D:3      | Noticed an air elemental
  2413 | D:3      | Noticed a water elemental
  2413 | D:3      | Noticed a fire elemental
  2499 | D:3      | 2499 ||| DRINKING 2 amethyst potions.
  2539 | D:4      | Noticed a water moccasin
  2548 | D:4      | Killed a water moccasin
  2548 | D:4      | HP: 8/34 [poisoned by a water moccasin]
  2549 | D:4      | Reached skill level 9 in Ranged Weapons
  2549 | D:4      | 2549 ||| DRINKING 6 potions of curing.
  2549 | D:4      | 2549 ||| (to cure poison)
  2625 | D:4      | Reached skill level 1 in Invocations
  2661 | D:4      | Reached XP level 7. HP: 40/40 MP: 10/10
  2782 | D:4      | You fall into a shaft and drop 2 floors!
  2812 | D:6      | 2812 ||| READING scroll labelled FEROHE QILENO.
  2814 | D:6      | 2814 ||| Stepping ~*~*~tactically~*~*~ (cloud).
  2868 | D:6      | 2868 ||| STAIRDANCE
  2869 | D:5      | Entered Level 5 of the Dungeon
  2904 | D:5      | Reached skill level 3 in Invocations
  2911 | D:5      | Identified the +3 spear of Naer {heavy, rElec Will++ Str-2
                  | SInv}
  2917 | D:5      | Reached ** piety under Okawaru
  2922 | D:5      | 2922 ||| INVOKING Heroism.
  3087 | D:5      | Found a staircase to the Ecumenical Temple.
  3141 | D:5      | Noticed qw's ghost (novice GrFi)
  3142 | D:5      | Found a runed translucent door.
  3487 | D:4      | 3487 ||| INVOKING Heroism.
  3490 | D:4      | Reached skill level 10 in Ranged Weapons
  3610 | D:4      | 3610 ||| INVOKING Heroism.
  3615 | D:4      | Reached skill level 3 in Dodging
  3615 | D:4      | Reached XP level 8. HP: 44/44 MP: 10/13
  3682 | D:4      | Noticed Menkaure
  3683 | D:4      | 3683 ||| INVOKING Heroism.
  3686 | D:4      | Killed Menkaure
  3758 | D:4      | 3758 ||| DRINKING 2 fizzy inky potions.
  3758 | D:4      | Gained mutation: You possess an exceptional clarity of
                  | mind. [potion of mutation]
  3758 | D:4      | Gained mutation: You passively map a small area around you.
                  | [potion of mutation]
  3759 | D:4      | 3759 ||| DRINKING 2 purple potions.
  3760 | D:4      | 3760 ||| DRINKING 2 lumpy brown potions.
  4172 | D:5      | Reached skill level 11 in Ranged Weapons
  4320 | D:5      | Found a basalt altar of Yredelemnul.
  4726 | D:5      | 4726 ||| Stepping randomly (stuck).
  4762 | D:6      | 4762 ||| INVOKING Heroism.
  4800 | D:6      | Identified the +3 leather armour of Anarchy {rPois Will+}
  4938 | D:6      | 4938 ||| INVOKING Heroism.
  4940 | D:6      | Reached skill level 12 in Ranged Weapons
  5069 | D:6      | Found Oxtufyk's Assorted Antiques.
  5072 | D:6      | 5072 ||| BUYING fuming inky potion (26 gold).
  5072 | D:6      | Bought a fuming inky potion for 26 gold pieces
  5072 | D:6      | 5072 ||| SHOPLISTING pair of embroidered boots (217 gold,
                  | have 176).
  5184 | D:6      | 5184 ||| INVOKING Heroism.
  5187 | D:6      | Reached skill level 3 in Fighting
  5187 | D:6      | HP: 11/45 [wight/+0 hand axe (4)]
  5188 | D:6      | 5188 ||| READING 3 scrolls of teleportation.
  5189 | D:6      | 5189 ||| DRINKING 3 potions of heal wounds.
  5305 | D:6      | 5305 ||| UPGRADING to +3 leather armour of Anarchy {rPois
                  | Will+}.
  5315 | D:6      | 5315 ||| DROPPING +0 ring mail.
  5316 | D:6      | 5316 ||| DROPPING ring of magical power.
  5568 | D:7      | 5568 ||| INVOKING Heroism.
  5573 | D:7      | 5573 ||| FLEEEEING.
  5574 | D:7      | 5574 ||| FLEEEEING.
  5577 | D:7      | 5577 ||| FLEEEEING.
  5585 | D:7      | 5585 ||| FLEEEEING.
  5586 | D:7      | 5586 ||| FLEEEEING.
  5588 | D:7      | 5588 ||| FLEEEEING.
  5589 | D:7      | 5589 ||| FLEEEEING.
  5590 | D:7      | 5590 ||| FLEEEEING.
  5595 | D:7      | 5595 ||| FLEEEEING.
  5596 | D:7      | 5596 ||| FLEEEEING.
  5597 | D:7      | 5597 ||| FLEEEEING.
  5599 | D:7      | 5599 ||| STAIRDANCE
  5710 | D:6      | 5710 ||| READING 2 scrolls of identify.
  5710 | D:6      | 5710 ||| IDENTIFYING golden potion
  5711 | D:6      | 5711 ||| DROPPING potion of lignification.
  5714 | D:7      | 5714 ||| INVOKING Heroism.
  5770 | D:7      | 5770 ||| INVOKING Heroism.
  6050 | D:7      | Found an ancient bone altar of Kikubaaqudgha.
  6128 | D:7      | Reached XP level 9. HP: 49/50 MP: 14/14
  6142 | D:7      | 6142 ||| INVOKING Heroism.
  6240 | D:7      | 6240 ||| INVOKING Heroism.
  6242 | D:7      | 6242 ||| DRINKING 2 brown potions.
  6244 | D:7      | 6244 ||| DROPPING potion of brilliance.
  6247 | D:7      | Reached skill level 13 in Ranged Weapons
  6457 | D:7      | 6457 ||| INVOKING Heroism.
  6493 | D:7      | 6493 ||| INVOKING Heroism.
  6975 | D:7      | 6975 ||| UPGRADING to amulet of regeneration.
  7007 | D:8      | 7007 ||| SWAPPING to +0 orcbow.
  7008 | D:8      | 7008 ||| DROPPING +0 heavy shortbow.
  7020 | D:8      | 7020 ||| FLEEEEING.
  7024 | D:8      | 7024 ||| FLEEEEING.
  7025 | D:8      | 7025 ||| FLEEEEING.
  7037 | D:8      | 7037 ||| INVOKING Heroism.
  7038 | D:8      | 7038 ||| Stepping ~*~*~tactically~*~*~ (outnumbered).
  7039 | D:8      | 7039 ||| Stepping ~*~*~tactically~*~*~ (outnumbered).
  7055 | D:8      | Reached skill level 14 in Ranged Weapons
  7095 | D:8      | Found an opulent altar of Gozag.
  7138 | D:8      | 7138 ||| INVOKING Heroism.
  7142 | D:8      | Reached skill level 6 in Dodging
  7241 | D:8      | Found a hazy altar of Hepliaklqana.
  7272 | D:8      | 7272 ||| Stepping ~*~*~tactically~*~*~ (outnumbered).
  7516 | D:9      | 7516 ||| READING scroll of enchant armour.
  7516 | D:9      | 7516 ||| ENCHANTING +0 pair of gloves.
  7562 | D:9      | Identified the +0 pair of gloves "Doupaday" {Rampage SInv}
  7577 | D:9      | Reached skill level 15 in Ranged Weapons
  7657 | D:9      | 7657 ||| INVOKING Heroism.
  7807 | D:9      | 7807 ||| Stepping ~*~*~tactically~*~*~ (outnumbered).
  7823 | D:9      | 7823 ||| INVOKING Heroism.
  7868 | D:9      | Found an ornate altar of the Wu Jian Council.
  7923 | D:9      | 7923 ||| INVOKING Heroism.
  7934 | D:9      | Reached XP level 10. HP: 35/56 MP: 13/15
  8066 | D:9      | 8066 ||| UPGRADING to +0 pair of gloves "Doupaday" {Rampage
                  | SInv}.
  8076 | D:9      | 8076 ||| UPGRADING to +0 cloak.
  8081 | D:9      | 8081 ||| READING scroll labelled LUCHOIDEIM.
  8082 | D:9      | 8082 ||| READING 2 scrolls of identify.
  8082 | D:9      | 8082 ||| IDENTIFYING sedimented amethyst potion
  8083 | D:9      | 8083 ||| DROPPING potion of degeneration.
  8102 | D:10     | Entered Level 10 of the Dungeon
  8170 | D:10     | 8170 ||| INVOKING Heroism.
  8170 | D:10     | HP: 10/53 [wight/+3 dire flail (15)]
  8171 | D:10     | 8171 ||| READING 5 scrolls of teleportation.
  8172 | D:10     | 8172 ||| DRINKING 3 potions of heal wounds.
  8216 | D:10     | Noticed an oklob plant
  8217 | D:10     | 8217 ||| INVOKING Heroism.
  8225 | D:10     | Killed an oklob plant
  8226 | D:10     | Reached skill level 16 in Ranged Weapons
  8390 | D:10     | Found a radiant altar of Vehumet.
  8625 | D:10     | Found a white marble altar of Elyvilon.
  8628 | D:10     | 8628 ||| INVOKING Heroism.
  8685 | D:10     | Found a shimmering altar of Xom.
  8693 | D:10     | 8693 ||| Stepping ~*~*~tactically~*~*~ (outnumbered).
  8696 | D:10     | 8696 ||| FLEEEEING.
  8699 | D:10     | 8699 ||| FLEEEEING.
  8700 | D:10     | 8700 ||| FLEEEEING.
  8701 | D:10     | 8701 ||| FLEEEEING.
  8702 | D:10     | 8702 ||| FLEEEEING.
  8703 | D:10     | 8703 ||| FLEEEEING.
  8769 | D:10     | Found a staircase to the Lair.
  8780 | D:10     | 8780 ||| INVOKING Heroism.
  9000 | D:10     | 9000 ||| DROPPING amulet of magic regeneration.
  9001 | D:10     | 9001 ||| PLANNING LAIR
  9039 | Lair:1   | Entered Level 1 of the Lair of Beasts
  9044 | Lair:1   | 9044 ||| STAIRDANCE
  9145 | Lair:1   | Noticed a cane toad
  9146 | Lair:1   | 9146 ||| INVOKING Heroism.
  9153 | Lair:1   | Killed a cane toad
  9226 | Lair:1   | Noticed Maggie
  9245 | Lair:1   | Killed Maggie
  9281 | Lair:1   | Reached skill level 9 in Dodging
  9345 | Lair:1   | Noticed an elephant
  9346 | Lair:1   | 9346 ||| FLEEEEING.
  9347 | Lair:1   | 9347 ||| FLEEEEING.
  9442 | Lair:1   | 9442 ||| INVOKING Heroism.
  9512 | Lair:1   | Noticed an elephant
  9521 | Lair:1   | Noticed an elephant
  9528 | Lair:1   | Killed an elephant
  9529 | Lair:1   | Reached skill level 6 in Fighting
  9539 | Lair:1   | 9539 ||| INVOKING Heroism.
  9542 | Lair:1   | Killed an elephant
  9558 | Lair:1   | Killed an elephant
  9559 | Lair:1   | Reached XP level 11. HP: 29/65 MP: 16/16
  9663 | Lair:1   | 9663 ||| INVOKING Heroism.
  9784 | Lair:1   | 9784 ||| READING scroll of enchant armour.
  9784 | Lair:1   | 9784 ||| ENCHANTING +0 helmet.
  9920 | Lair:1   | 9920 ||| DROPPING +2 scale mail of positive energy.
  9921 | Lair:1   | 9921 ||| DROPPING +0 acid dragon scales.
  9922 | Lair:1   | 9922 ||| UPGRADING to +0 swamp dragon scales.
  9932 | Lair:1   | 9932 ||| DROPPING +3 leather armour of Anarchy {rPois
                  | Will+}.
  9933 | Lair:1   | 9933 ||| READING scroll labelled VAZI DAMOCKUE.
  9934 | Lair:1   | 9934 ||| READING scroll labelled KYCLUSMEALE.
 10035 | Lair:1   | 10035 ||| DRINKING 2 silvery potions.
 10036 | Lair:1   | 10036 ||| READING 2 scrolls of identify.
 10036 | Lair:1   | 10036 ||| IDENTIFYING fuming inky potion
 10087 | Lair:2   | 10087 ||| INVOKING Heroism.
 10110 | Lair:2   | 10110 ||| STAIRDANCE
 10113 | Lair:1   | HP: 9/66 [wolf (8)]
 10114 | Lair:1   | 10114 ||| READING 6 scrolls of teleportation.
 10115 | Lair:1   | 10115 ||| DRINKING 2 potions of heal wounds.
 10116 | Lair:1   | 10116 ||| INVOKING Heroism.
 10117 | Lair:1   | HP: 4/66 [cane toad (13)]
 10118 | Lair:1   | 10118 ||| DRINKING potion of heal wounds.
 10237 | Lair:2   | 10237 ||| STAIRDANCE
 10239 | Lair:1   | 10239 ||| INVOKING Heroism.
 10365 | Lair:2   | 10365 ||| INVOKING Heroism.
 10436 | Lair:2   | 10436 ||| INVOKING Heroism.
 10518 | Lair:2   | 10518 ||| INVOKING Heroism.
 10537 | Lair:2   | 10537 ||| INVOKING Heroism.
 10591 | Lair:2   | 10591 ||| INVOKING Heroism.
 10633 | Lair:2   | Reached *** piety under Okawaru
 10648 | Lair:2   | Reached skill level 6 in Armour
 10733 | Lair:2   | 10733 ||| INVOKING Heroism.
 10765 | Lair:2   | 10765 ||| INVOKING Heroism.
 10847 | Lair:2   | 10847 ||| INVOKING Heroism.
 10869 | Lair:2   | 10869 ||| INVOKING Heroism.
 10905 | Lair:2   | 10905 ||| INVOKING Heroism.
 10934 | Lair:2   | 10934 ||| DRINKING potion of cancellation.
 10937 | Lair:2   | 10937 ||| Stepping ~*~*~tactically~*~*~ (outnumbered).
 11007 | Lair:2   | 11007 ||| INVOKING Heroism.
 11011 | Lair:2   | Reached XP level 12. HP: 74/74 MP: 14/17
 11046 | Lair:2   | 11046 ||| INVOKING Heroism.
 11227 | Lair:2   | Found a staircase to the Swamp.
 11250 | Lair:2   | 11250 ||| Stepping ~*~*~tactically~*~*~ (outnumbered).
 11261 | Lair:2   | 11261 ||| INVOKING Heroism.
 11286 | Lair:2   | Found a staircase to the Snake Pit.
 11601 | Lair:3   | 11601 ||| INVOKING Heroism.
 11609 | Lair:3   | Reached skill level 9 in Fighting
 11615 | Lair:3   | 11615 ||| INVOKING Heroism.
 11639 | Lair:3   | 11639 ||| FLEEEEING.
 11673 | Lair:3   | 11673 ||| INVOKING Heroism.
 11700 | Lair:3   | 11700 ||| INVOKING Heroism.
 11732 | Lair:3   | Reached skill level 12 in Dodging
 11755 | Lair:3   | 11755 ||| INVOKING Heroism.
 11795 | Lair:3   | 11795 ||| INVOKING Heroism.
 11877 | Lair:3   | 11877 ||| INVOKING Heroism.
 11879 | Lair:3   | 11879 ||| Stepping ~*~*~tactically~*~*~ (cloud).
 12006 | Lair:3   | 12006 ||| INVOKING Heroism.
 12007 | Lair:3   | HP: 17/76 [yak (8)]
 12008 | Lair:3   | 12008 ||| READING 5 scrolls of teleportation.
 12010 | Lair:3   | HP: 4/76 [yak (8)]
 12097 | Lair:3   | 12097 ||| INVOKING Heroism.
 12164 | Lair:3   | 12164 ||| READING scroll of brand weapon.
 12164 | Lair:3   | 12164 ||| BRANDING +0 orcbow.
 12542 | Lair:3   | 12542 ||| DROPPING +6 ring of intelligence.
 12543 | Lair:3   | 12543 ||| DROPPING ring of wizardry.
 12544 | Lair:3   | 12544 ||| READING scroll labelled QEOTUB SI HUXT.
 12577 | Lair:3   | 12577 ||| READING scroll labelled DICIT DIRHO.
 12622 | Lair:4   | 12622 ||| INVOKING Heroism.
 12695 | Lair:4   | Found a frozen archway.
 12797 | Lair:4   | 12797 ||| INVOKING Heroism.
 12852 | Lair:4   | 12852 ||| INVOKING Heroism.
 12862 | Lair:4   | 12862 ||| Stepping ~*~*~tactically~*~*~ (outnumbered).
 12877 | Lair:4   | 12877 ||| INVOKING Heroism.
 12899 | Lair:4   | 12899 ||| INVOKING Heroism.
 13565 | Lair:4   | 13565 ||| DROPPING scarf of invisibility.
 13566 | Lair:4   | 13566 ||| UPGRADING to +6 ring of strength.
 13567 | Lair:4   | 13567 ||| READING scroll labelled JOAKLI OGIOTEO.
 13568 | Lair:4   | 13568 ||| READING scroll labelled APTOGRAYNG.
 13569 | Lair:4   | 13569 ||| READING scroll labelled VUTETO NISO.
 13569 | Lair:4   | Identified a scroll of acquirement
 13569 | Lair:4   | 13569 ||| ACQUIRING 998 gold pieces
 13569 | Lair:4   | Acquired 998 gold pieces
 13582 | Lair:5   | Entered Level 5 of the Lair of Beasts
 13598 | Lair:5   | 13598 ||| STAIRDANCE
 13632 | Lair:5   | Noticed a death yak
 13633 | Lair:5   | Noticed a death yak
 13633 | Lair:5   | 13633 ||| INVOKING Heroism.
 13636 | Lair:5   | Noticed a death yak
 13649 | Lair:5   | Killed a death yak
 13650 | Lair:5   | Reached XP level 13. HP: 49/82 MP: 18/18
 13654 | Lair:5   | HP: 20/82 [skyshark (6)]
 13655 | Lair:5   | 13655 ||| READING 4 scrolls of teleportation.
 13655 | Lair:5   | HP: 2/82 [death yak (19)]
 13657 | Lair:5   | 13657 ||| INVOKING Heroism.
 13661 | Lair:5   | 13661 ||| READING 3 scrolls of teleportation.
 13663 | Lair:5   | HP: 8/82 [skyshark (1)]
 13751 | Lair:5   | 13751 ||| INVOKING Heroism.
 13775 | Lair:5   | 13775 ||| INVOKING Heroism.
 13848 | Lair:5   | Reached **** piety under Okawaru
 14038 | Lair:5   | 14038 ||| INVOKING Heroism.
 14083 | Lair:5   | 14083 ||| INVOKING Heroism.
 14147 | Lair:5   | Found a viscous altar of Jiyva.
 14147 | Lair:5   | Found a staircase to the Slime Pits.
 14177 | Lair:5   | 14177 ||| INVOKING Heroism.
 14184 | Lair:5   | Reached skill level 6 in Invocations
 14292 | Lair:5   | 14292 ||| INVOKING Heroism.
 14346 | Lair:5   | 14346 ||| INVOKING Heroism.
 14581 | Lair:5   | 14581 ||| INVOKING Heroism.
 14622 | Lair:5   | 14622 ||| INVOKING Heroism.
 14646 | Lair:5   | 14646 ||| Stepping ~*~*~tactically~*~*~ (cloud).
 14651 | Lair:5   | 14651 ||| Stepping ~*~*~tactically~*~*~ (cloud).
 14662 | Lair:5   | 14662 ||| INVOKING Heroism.
 14668 | Lair:5   | Received a gift from Okawaru
 14986 | Lair:5   | 14986 ||| INVOKING Heroism.
 15024 | Lair:5   | Identified the amulet "Ojacalap" {RegenMP rElec rC+ Int+5}
 15026 | Lair:5   | Identified the +1 halberd of Fedhas's Anger {heavy, rElec
                  | Dex+3 Stlth+}
 15086 | Lair:5   | 15086 ||| PLANNING D:1-11
 15086 | Lair:5   | 15086 ||| DROPPING +0 pair of gloves of infusion.
 15087 | Lair:5   | 15087 ||| DROPPING amulet "Ojacalap" {RegenMP rElec rC+
                  | Int+5}.
 15259 | D:11     | 15259 ||| STAIRDANCE
 15316 | D:11     | Noticed Grum
 15317 | D:11     | 15317 ||| INVOKING Heroism.
 15326 | D:11     | Reached skill level 15 in Dodging
 15340 | D:11     | Killed Grum
 15723 | D:11     | 15723 ||| INVOKING Heroism.
 15799 | D:11     | Reached XP level 14. HP: 84/90 MP: 22/22
 15893 | D:11     | 15893 ||| INVOKING Heroism.
 16153 | D:11     | 16153 ||| INVOKING Heroism.
 16339 | D:11     | 16339 ||| PLANNING D
 16339 | D:11     | 16339 ||| READING 6 scrolls of identify.
 16339 | D:11     | 16339 ||| IDENTIFYING white potion
 16436 | D:12     | 16436 ||| INVOKING Heroism.
 16484 | D:12     | 16484 ||| INVOKING Heroism.
 16495 | D:12     | HP: 21/90 [skeletal warrior/+0 trident (18)]
 16496 | D:12     | 16496 ||| READING 2 scrolls of teleportation.
 16498 | D:12     | HP: 8/90 [skeletal warrior/+0 trident (5)]
 16501 | D:12     | HP: 2/90 [electric eel/bolt of electricity (8)]
 16502 | D:12     | 16502 ||| READING scroll of teleportation.
 16502 | D:12     | Killed from afar by an electric eel

Levels and vault maps discovered:
D:1:      psy_arrival_whirlpool, layout_basic, serial_forest,
          infiniplex_forest_lined_4_way, infiniplex_forest_straight_2,
          infiniplex_forest_join, infiniplex_forest_zigzag_1,
          infiniplex_forest_clump_medium, infiniplex_forest_end_1, minivault_19,
          dk_noncrumbling_3, minmay_tetromino_l2
D:2:      layout_loops_cross, minmay_vboxes
D:3:      minmay_skewed_foursquare, layout_basic, kennysheep_okawaru_gauntlet,
          mainiacjoe_overflow_24_doors,
          nicolae_dithmenos_through_a_glass_darkly, mainiacjoe_overflow_paths,
          nicolae_qazlal_style_of_elements, hellmonk_ecumenical_altar_zigzags,
          corexii_hall_statues_u, uniq_sigmund
D:4:      layout_gridville, uniq_menkaure
D:5:      layout_basic, mainiacjoe_overflow_alcove_4,
          minmay_temple_entry_drinking_statues, hellmonk_ghost_happy_afterlife
D:6:      layout_cave_pools, serial_shops, nicolae_shop_real_fake_doors,
          serial_rivers, chequers_serial_rivers_marsh,
          chequers_serial_rivers_micro_b, chequers_serial_rivers_small_3,
          chequers_serial_rivers_micro_a
D:7:      layout_layer_cave, lemuel_mausoleum_altar_kikubaaqudgha, st_stairs_5
D:8:      layout_rooms, lemuel_doored_altar, lemuel_crystal_altar
D:9:      layout_long_grid, nicolae_wu_jian_immortal_techniques
D:10:     layout_irregular_city, nicolae_overflow_crystal_walls,
          vehumet_crystals, nicolae_elyvilon_temple_path, dpeg_oklobed_lair
D:11:     layout_roguey, serial_demonic, serial_demonic_e, serial_demonic_e,
          serial_demonic_g, serial_demonic_e, uniq_grum
D:12:     layout_stronghold, david_orc_3, serial_bayou, serial_bayou_shore_a,
          serial_bayou_lake_a, serial_bayou_lagoon_b, serial_bayou_pond_e
Lair:1:   beast_lair_carwin_large_2, layout_hall_layers, uniq_maggie
Lair:2:   layout_regular_city, swamp_mist, nicolae_snake_entry_squirm,
          serial_bayou_pond_b, chequers_serial_rivers_small_a
Lair:3:   layout_hall_layers, small_statue_intersection, lemuel_fruit_tree,
          infiniplex_staircase_pool
Lair:4:   layout_hall_layers, portal_ice_cave_entry_pillars_1,
          grunt_megastairs_3, serial_bayou_shore_b
Lair:5:   grunt_lair_end_beastmaster, layout_cave_pods,
          minmay_slime_entry_jelly_boxes

Skill      XL: |  1  2  3  4  5  6  7  8  9 10 11 12 13 |
---------------+----------------------------------------+-----
Ranged Weapons | 6 7 8 9 10 12 15 16 | 16.1
Armour         | 3 6 7 8 |  8.6
Invocations    | 2 4 8 |  8.5
Fighting       | 2 3 4 6 8 10 11 | 11.0
Dodging        | 3 5 6 9 11 13 15 | 15.0
Stealth        | |  1.2

Action                     |  1- 3 |  4- 6 |  7- 9 | 10-12 | 13-15 || total
---------------------------+-------+-------+-------+-------+-------++-------
   Fire: Shortbow          |    95 |   116 |   237 |       |       ||   448
         Orcbow            |       |       |   178 |  1081 |   556 ||  1815
 Invoke: Heroism           |       |     1 |    19 |    39 |    18 ||    77
    Use: Scroll            |     3 |     5 |     4 |    15 |     5 ||    32
         Potion            |     2 |     2 |     5 |     5 |       ||    14
 Armour: Leather armour    |     1 |       |    20 |    36 |       ||    57
         Scale mail        |    17 |    21 |       |       |       ||    38
         Ring mail         |       |    19 |    27 |       |       ||    46
         Swamp dragon scal |       |       |       |   170 |   121 ||   291
  Dodge: Dodged            |    11 |    44 |   140 |   640 |   378 ||  1213

Table legend:
 A = Non-vault XP
 B = Vault XP
 C = Vault XP percentage of total XP
 D = Non-vault monster count
 E = Vault monster count
 F = Vault count percentage of total count
                 A         B        C        D         E       F
            +---------+---------+-------+---------+---------+-------
      Total |   46117 |   20969 |  31.3 |     346 |     101 |  22.6
            +---------+---------+-------+---------+---------+-------
        D:1 |      27 |       4 |  12.9 |      16 |       2 |  11.1
        D:2 |      85 |       8 |   8.6 |      25 |       5 |  16.7
        D:3 |      89 |     248 |  73.6 |      18 |      10 |  35.7
        D:4 |     751 |     172 |  18.6 |      23 |       1 |   4.2
        D:5 |     359 |       0 |   0.0 |      15 |       0 |   0.0
        D:6 |     634 |       0 |   0.0 |      15 |       0 |   0.0
        D:7 |     379 |     678 |  64.1 |      11 |      11 |  50.0
        D:8 |     670 |       0 |   0.0 |      17 |       0 |   0.0
        D:9 |    1505 |       0 |   0.0 |      32 |       0 |   0.0
       D:10 |    1620 |     550 |  25.3 |      29 |       1 |   3.3
       D:11 |    4059 |    1868 |  31.5 |      14 |      10 |  41.7
       D:12 |     864 |       0 |   0.0 |       3 |       0 |   0.0
     Lair:1 |    5076 |    1134 |  18.3 |      26 |       8 |  23.5
     Lair:2 |    8598 |    1207 |  12.3 |      31 |       6 |  16.2
     Lair:3 |    6902 |       0 |   0.0 |      31 |       0 |   0.0
     Lair:4 |    2874 |    4304 |  60.0 |      13 |      11 |  45.8
     Lair:5 |   11625 |   10796 |  48.2 |      27 |      36 |  57.1
            +---------+---------+-------+---------+---------+-------
